 Dungeon Crawl Stone Soup version 0.26.1-10-gdfb7c7de75 (webtiles) character file.

Game seed: 8383597009933069703

5931 GenialerGandalf the Cleaver (level 10, -5/88 HPs)
             Began as a Hill Orc Fighter on Apr 3, 2021.
             Slain by a two-headed ogre
             ... wielding a +0 giant club
              (11 damage)
             ... on level 9 of the Dungeon.
             The game lasted 01:18:58 (13475 turns).

GenialerGandalf the Cleaver (Hill Orc Fighter)     Turns: 13475, Time: 01:18:58

Health: -5/88      AC: 16    Str: 23    XL:     10   Next: 83%
Magic:  10/10      EV:  8    Int:  8    God:
Gold:   492        SH: 11    Dex: 10    Spells: 9/9 levels left

rFire    . . .     SeeInvis .   a - +0 war axe
rCold    . . .     Faith    .   c - +0 kite shield
rNeg     . . .     Spirit   .   q - +1 chain mail {rPois}
rPois    +         Reflect  .   (no helmet)
rElec    .         Harm     .   (no cloak)
rCorr    .         Rampage  .   (no gloves)
Will     .....                  (no boots)
Stlth    ..........             S - amulet of magic regeneration
HPRegen  0.24/turn              g - ring of stealth
MPRegen  0.37/turn              C - +4 ring of protection

@: no status effects
A: no striking features
a: no special abilities


You were on level 9 of the Dungeon.
You visited 1 branch of the dungeon, and saw 9 of its levels.

You collected 492 gold pieces.

Inventory:

Hand Weapons
 a - a +0 war axe (weapon)
 p - a +1 hunting sling of freezing
 w - a +4 quarterstaff of chaos
 y - a +1 mace of protection
 G - a +0 giant spiked club
Missiles
 i - 172 stones (quivered)
 j - 151 sling bullets
 k - 161 arrows
 r - 23 poisoned darts
 B - 5 javelins
 P - 41 bolts
Armour
 c - a +0 kite shield (worn)
 m - a +1 cloak
 n - a +0 plate armour
 q - a +1 chain mail of poison resistance (worn)
 x - a +2 cloak of poison resistance
 z - a scarf of invisibility
 D - the cursed +0 leather armour of the Realm of Zot {*Contam +Inv rF+ rN+}
   (You found it on level 5 of the Dungeon)

   It protects you from fire.
   It protects you from negative energy.
   It lets you turn invisible.
   It causes magical contamination when unequipped.
   It has a curse placed upon it.
Jewellery
 g - a ring of stealth (left hand)
 C - a +4 ring of protection (right hand)
 F - an uncursed ring of willpower
 S - an amulet of magic regeneration (around neck)
 T - a +6 ring of intelligence
Wands
 d - a wand of polymorph (2)
 L - a wand of digging (5)
 N - a wand of random effects (17)
Scrolls
 f - 5 scrolls of identify
 l - 6 scrolls of remove curse
 o - a scroll of enchant armour {unknown}
 s - a scroll of immolation
 t - a scroll of random uselessness
 E - a scroll of teleportation
 K - 2 scrolls of summoning {unknown}
 M - a scroll of blinking {unknown}
 Q - 2 scrolls of fear {unknown}
 R - a scroll of silence {unknown}
Potions
 b - 3 potions of resistance {unknown}
 e - a potion of curing
 h - 2 potions of brilliance {unknown}
 u - 3 potions of might
 v - 2 potions of attraction {unknown}
 A - 2 potions of degeneration {unknown}
 H - 2 potions of heal wounds {unknown}
 I - a potion of mutation {unknown}
 J - a potion of cancellation {unknown}
 O - a potion of flight {unknown}


   Skills:
 + Level 8.0 Fighting
 + Level 13.2 Axes
 + Level 8.7 Armour
 + Level 2.5 Dodging
 + Level 1.3 Stealth
 + Level 7.9 Shields


You had 9 spell levels left.
You didn't know any spells.
Your spell library contained the following spells:

 Spells                   Type           Power        Failure   Level
 Animate Skeleton         Necr           0%           100%        1
 Pain                     Necr           0%           100%        1
 Vampiric Draining        Necr           0%           100%        3
 Animate Dead             Necr           0%           100%        4
 Agony                    Necr           0%           100%        5


Dungeon Overview and Level Annotations

Branches:
Dungeon (9/15)             Temple (0/1) D:7            Lair (0/6) D:8
    Orc: D:9-12

Altars:
Dithmenos
Elyvilon
Fedhas
Gozag
Hepliaklqana
Makhleb
Okawaru
Sif Muna
Trog
Uskayaw
Vehumet
Xom
The Shining One

Shops:
D:5 =   D:8 [


Message History

The two-headed ogre hits you with a +0 giant club!
Your shield prevents you from hitting the two-headed ogre.
The two-headed ogre is severely wounded.
You hit the two-headed ogre.
The two-headed ogre is severely wounded.
The two-headed ogre hits you with a +0 giant club!
You block the two-headed ogre's attack.
You hit the two-headed ogre but do no damage.
The two-headed ogre is severely wounded.
The two-headed ogre hits you with a +0 giant club!
* * * LOW HITPOINT WARNING * * *
The two-headed ogre hits you but does no damage.
You hit the two-headed ogre but do no damage.
The two-headed ogre is severely wounded.
You slash the two-headed ogre!
The two-headed ogre is almost dead.
The two-headed ogre hits you with a +0 giant club!
* * * LOW HITPOINT WARNING * * *
The two-headed ogre hits you with a +0 giant club!
You die...

#....# #..# #..## ####<#
#.## #).#
....#######'###.#.°§
.......##........# ..
......#.##........##
.......#.##.........#
........#.##...........
##########O##.........##
#@.'.........#
####.........#
###########


You could see a two-headed ogre.

Vanquished Creatures
  A deep elf mage (D:8)
  A troll (D:8)
  The ghost of Cykl0x the Shield-Bearer, an amateur MiFi of Zin (D:4)
  A hornet (D:8)
  Grinder (D:4)
  3 yaks
  A wyvern (D:8)
  A steam dragon (D:8)
  3 orc warriors
  2 sky beasts (D:8)
  3 ice beasts
  3 ogres
  4 phantoms
  2 big kobolds (D:7)
  Blork the orc (D:6)
  2 bullfrogs (D:8)
  A wyvern skeleton (D:6)
  5 scorpions
  9 killer bees (D:9)
  7 wights
  2 electric eels (D:8)
  A howler monkey (D:6)
  A bullfrog zombie (D:9)
  6 hounds
  2 jellies
  7 orc wizards
  An orc priest (D:8)
  A centaur skeleton (D:6)
  3 iron imps (D:6)
  Crazy Yiuf (D:4)
  Ijyb (D:3)
  Terence (D:2)
  3 iguanas
  4 worker ants
  A killer bee zombie (D:8)
  A hound skeleton (D:4)
  A howler monkey zombie (D:7)
  4 gnolls (D:4)
  10 adders
  3 shadow imps
  2 white imps (D:8)
  An ufetubus (D:6)
  3 oozes
  An adder zombie (D:8)
  3 adder skeletons
  4 worms
  3 dart slugs
  6 leopard geckos
  15 orcs
  6 giant cockroaches
  9 goblins
  8 hobgoblins
  11 jackals
  5 quokkas
  2 ball pythons
  6 bats
  3 frilled lizards
  A jackal skeleton (D:5)
  16 kobolds
  3 leopard gecko zombies
  A quokka zombie (D:8)
  9 rats
224 creatures vanquished.

Vanquished Creatures (others)
  2 fungi (D:4)
2 creatures vanquished.

Grand Total: 226 creatures vanquished

Notes
Turn   | Place    | Note
-------+----------+-------------------------------------------
     0 | D:1      | GenialerGandalf the Hill Orc Fighter began the quest for
                  | the Orb.
     0 | D:1      | Reached XP level 1. HP: 19/19 MP: 1/1
   255 | D:1      | Reached XP level 2. HP: 25/27 MP: 2/2
   529 | D:1      | Reached skill level 3 in Axes
   964 | D:1      | Reached XP level 3. HP: 32/33 MP: 3/3
  1444 | D:2      | Found an iron altar of Okawaru.
  1521 | D:2      | Reached XP level 4. HP: 40/40 MP: 4/4
  1689 | D:2      | Noticed Terence
  1744 | D:2      | Killed Terence
  2206 | D:3      | Found a shimmering altar of Xom.
  2275 | D:3      | Reached skill level 1 in Stealth
  2275 | D:3      | Reached XP level 5. HP: 31/46 MP: 5/5
  2283 | D:3      | Reached skill level 4 in Axes
  2813 | D:3      | Noticed Ijyb
  2862 | D:3      | Found a shimmering blue altar of Sif Muna.
  2900 | D:3      | Killed Ijyb
  2901 | D:3      | Reached XP level 6. HP: 45/52 MP: 6/6
  3519 | D:3      | Reached skill level 5 in Axes
  3837 | D:4      | Found a white marble altar of Elyvilon.
  4120 | D:4      | Found a runed translucent door.
  4124 | D:4      | Noticed Cykl0x's ghost (amateur MiFi)
  4143 | D:4      | Killed Cykl0x's ghost
  4144 | D:4      | Reached skill level 6 in Axes
  4144 | D:4      | Reached skill level 1 in Dodging
  4144 | D:4      | Reached XP level 7. HP: 29/60 MP: 7/7
  4350 | D:4      | Found an opulent altar of Gozag.
  4643 | D:4      | Found a runed translucent door.
  4644 | D:4      | Noticed Crazy Yiuf
  4657 | D:4      | Killed Crazy Yiuf
  4658 | D:4      | Reached skill level 5 in Armour
  5038 | D:4      | Noticed Grinder
  5038 | D:4      | Paralysed by Grinder for 6 turns
  5099 | D:4      | Paralysed by Grinder for 6 turns
  5111 | D:4      | Paralysed by Grinder for 7 turns
  5120 | D:4      | Killed Grinder
  5121 | D:4      | Reached skill level 7 in Axes
  5736 | D:5      | Entered Level 5 of the Dungeon
  5747 | D:5      | Reached skill level 5 in Fighting
  5747 | D:5      | Reached skill level 5 in Shields
  5747 | D:5      | Reached XP level 8. HP: 53/68 MP: 8/8
  5749 | D:5      | Noticed a +0 dagger
  5749 | D:5      | Noticed a +0 dagger
  5760 | D:5      | Found a hide-covered altar of Uskayaw.
  6042 | D:5      | Reached skill level 8 in Axes
  6150 | D:5      | Found Ciumepnusch's Jewellery Shoppe.
  6211 | D:5      | Found a blossoming altar of Fedhas.
  6278 | D:5      | Found a shadowy altar of Dithmenos.
  6383 | D:5      | Got an ancient leather armour
  6849 | D:6      | Reached skill level 9 in Axes
  6863 | D:6      | Found a burning altar of Makhleb.
  7000 | D:6      | Reached skill level 10 in Axes
  7000 | D:6      | Reached XP level 9. HP: 74/75 MP: 9/9
  7222 | D:6      | Identified the cursed +0 leather armour of the Realm of Zot
                  | {*Contam +Inv rF+ rN+} (You found it on level 5 of the
                  | Dungeon)
  7248 | D:6      | Found the +5 sword of Power {vorpal}
  7250 | D:6      | Noticed Blork the orc
  7292 | D:6      | Killed Blork the orc
  7601 | D:6      | Found a hazy altar of Hepliaklqana.
  7919 | D:7      | Found a staircase to the Ecumenical Temple.
  8140 | D:7      | Reached skill level 11 in Axes
  8765 | D:7      | Found a bloodstained altar of Trog.
  9708 | D:8      | Reached skill level 12 in Axes
  9944 | D:8      | Reached XP level 10. HP: 84/84 MP: 10/10
  9965 | D:8      | Paralysed by a hornet for 1 turns
 10176 | D:8      | Found a glowing golden altar of the Shining One.
 10176 | D:8      | Found a radiant altar of Vehumet.
 10580 | D:8      | Noticed a deep elf mage
 10590 | D:8      | Killed a deep elf mage
 11036 | D:8      | Found Ronisyiv's Armour Shop.
 11070 | D:8      | Found a staircase to the Lair.
 11222 | D:8      | Reached skill level 13 in Axes
 13459 | D:9      | Noticed a two-headed ogre
 13475 | D:9      | Slain by a two-headed ogre

Illustrated notes

Levels and vault maps discovered:
D:1:      minmay_arrival_three_doors, layout_basic
D:2:      layout_rooms, okawaru_metal_pillars_1_2, minmay_misc_feat_five,
          minmay_increasing_density, uniq_terence
D:3:      minmay_recursive_quarters, layout_basic, xom_teletrap_fun,
          lemuel_blue_sif_altar, uniq_ijyb
D:4:      layout_loops_ring, elyvilon_altar_1,
          nicolae_gozag_cash_rules_everything_around_me,
          ebering_ghost_reflecting_pool, gup_sewer_entry_spiral,
          uniq_crazy_yiuf_cottage, uniq_grinder
D:5:      layout_basic, grunt_dithmenos_smoke_and_mirrors, lemuel_crystal_altar,
          dancing_weapons_uskayaw, serial_shops, shop
D:6:      layout_rooms, demons_altar, lemuel_coloured_pillars_altar,
          sword_in_stone
D:7:      layout_basic, kennysheep_little_box, minmay_temple_entry_antechambers
D:8:      layout_cave_pools, chequers_temple_overflow_statue_of_worship,
          erik_lair_island, serial_shops, shop, guppyfry_early_elven_hall
D:9:      layout_roguey, hiddenorc1_lemuel, special_room [special_room_bee],
          bh_circular_ruins

Skill      XL: |  1  2  3  4  5  6  7  8  9 10 |
---------------+-------------------------------+-----
Axes           | 3 4 6 7 10 12 13 | 13.2
Armour         | 4 5 6 7 8 |  8.7
Fighting       | 4 5 6 8 |  8.0
Shields        | 4 5 6 7 |  7.9
Stealth        | 1 |  1.3
Dodging        | 1 2 |  2.5

Action                   |  1- 3 |  4- 6 |  7- 9 | 10-12 || total
-------------------------+-------+-------+-------+-------++-------
Melee: War axe           |   119 |   151 |   438 |   289 ||   997
  Use: Scroll            |       |     4 |     5 |     2 ||    11
       Potion            |       |     3 |     1 |     1 ||     5
Armor: Scale mail        |    56 |       |       |       ||    56
       Plate armour      |    41 |     9 |       |       ||    50
       Chain mail        |       |    65 |   194 |   193 ||   452
       Skin              |       |     5 |       |       ||     5
Dodge: Dodged            |    49 |    36 |    88 |   102 ||   275
Block: Kite shield       |   109 |    65 |   233 |   195 ||   602
